Map: [ESL] Altitude

Players

Cyan - Winner!

  • Race: Protoss Protoss
  • Spawn Location: 1:00

Nice

  • Race: Protoss Protoss
  • Spawn Location: 7:00

Event: ESL SC2 Masters 2023 Summer (Regionals)

VOD

Have the link to the VOD?

Description

Time

  • Played on: May 12, 2023, 6:51 a.m.
  • Length: 17:40

All games in this series

Show
View Real Time Build Order
Export as new Build Order

Cyan Protoss - Winner!

Build Orders: Oracle Opening 

Get SALT Encoding   

  12  0:00  Probe  
  13  0:12  Probe  
  14  0:19  Pylon  
  14  0:24  Probe (Chrono Boost)  
  15  0:37  Probe (Chrono Boost)  
  15  0:38  Gateway  
  16  0:45  Probe (Chrono Boost)  
  16  0:48  Assimilator  
  17  0:51  Probe  
  17  0:55  Assimilator  
  18  1:03  Probe (Chrono Boost)  
  19  1:09  Gateway  
  19  1:13  Probe (Chrono Boost)  
  19  1:18  Probe (Chrono Boost)  
  21  1:27  Cybernetics Core  
  21  1:30  Probe  
  22  1:37  Pylon  
  22  1:42  Probe  
  24  2:05  Stargate  
  24  2:06  Adept  
  24  2:07  Adept  
  27  2:10  Warp Gate  
  27  2:12  Probe  
  28  2:20  Pylon  
  28  2:36  Stalker  
  29  2:45  Oracle (Chrono Boost)  
  32  2:55  Pylon  
  32  2:56  Stalker  
  34  3:11  Pylon  
  34  3:21  Oracle (Chrono Boost)  
  37  3:38  Nexus  
  37  3:54  Probe  
  38  3:56  Twilight Council  
  38  4:04  Pylon  
  38  4:06  Probe  
  39  4:15  Stalker, Sentry  
  43  4:18  Probe  
  44  4:30  Probe  
  45  4:36  Blink (Chrono Boost)  
  45  4:42  Probe  
  46  4:53  Shield Battery  
  46  4:54  Probe  
  46  4:55  Probe  
  46  4:59  Gateway  
  48  5:06  Probe  
  48  5:07  Probe  
  50  5:09  Stalker  
  52  5:19  Probe x2  
  52  5:20  Stalker  
  56  5:31  Probe x2, Pylon  
  54  5:43  Probe x2  
  56  5:50  Stalker x2  
  56  5:55  Probe x2  
  62  5:57  Stalker  
  64  6:07  Nexus, Probe x2  
  66  6:11  Pylon  
  66  6:16  Stalker  
  68  6:19  Stalker  
  68  6:22  Stalker  
  72  6:27  Probe, Assimilator  
  72  6:31  Probe  
  74  6:33  Charge  
  74  6:34  Forge  
  74  6:39  Probe  
  75  6:43  Probe  
  76  6:48  Robotics Facility  
  76  6:59  Probe  
  77  7:02  Protoss Ground Weapons Level 1 (Chrono Boost)  
  77  7:08  Gateway  
  77  7:11  Gateway  
  77  7:15  Gateway  
  77  7:19  Probe  
  77  7:21  Probe  
  79  7:24  Gateway  
  79  7:26  Probe  
  79  7:29  Gateway  
  80  7:34  Probe, Stalker x3  
  85  7:37  Observer (Chrono Boost)  
  85  7:38  Probe  
  87  7:45  Probe  
  86  7:54  Shield Battery  
  86  7:56  Shield Battery  
  86  7:58  Immortal  
  87  8:03  Stalker x3  
  93  8:12  Probe, Pylon  
  94  8:13  Probe x2  
  94  8:18  Stalker x2  
  100  8:22  Pylon  
  100  8:23  Pylon  
  100  8:24  Pylon  
  100  8:28  Pylon  
  100  8:29  Assimilator  
  100  8:34  Photon Cannon  
  100  8:36  Pylon  
  100  8:39  Immortal  
  104  8:45  Stalker x2  
  102  9:01  Stalker x3  
  100  9:02  Probe  
  100  9:05  Probe (Chrono Boost)  
  100  9:08  Protoss Ground Weapons Level 2 (Chrono Boost)  
  97  9:11  Probe (Chrono Boost)  
  97  9:15  Probe (Chrono Boost)  
  99  9:17  Probe (Chrono Boost)  
  99  9:21  Photon Cannon  
  101  9:24  Probe (Chrono Boost)  
  101  9:25  Probe x2 (Chrono Boost)  
  101  9:29  Photon Cannon  
  103  9:32  Probe (Chrono Boost), Pylon  
  103  9:34  Probe (Chrono Boost)  
  103  9:37  Probe (Chrono Boost)  
  105  9:40  Probe (Chrono Boost)  
  105  9:41  Stalker  
  105  9:43  Probe (Chrono Boost), Warp Prism (Chrono Boost)  
  105  9:44  Probe (Chrono Boost)  
  110  9:49  Sentry  
  110  9:51  Probe  
  115  9:53  Probe  
  115  9:56  Probe  
  115  9:57  Zealot, Sentry  
  121  10:00  Pylon  
  121  10:03  Zealot  
  123  10:12  Observer  
  123  10:14  Nexus  
  124  10:18  Pylon  
  124  10:24  Pylon  
  120  10:40  Stalker x2  
  120  10:41  Zealot x3  
  120  10:42  Zealot x2  
  130  10:47  Stalker  
  116  11:01  Zealot  
  116  11:02  Zealot x4  
  110  11:08  Stalker x2  
  108  11:14  Stalker  
  108  11:15  Protoss Ground Weapons Level 3 (Chrono Boost)  
  108  11:17  Probe x2  
  106  11:19  Photon Cannon  
  106  11:21  Shield Battery  
  106  11:22  Sentry  
  106  11:23  Sentry x2  
  112  11:28  Probe x2  
  112  11:29  Probe  
  112  11:32  Probe  
  116  11:34  Immortal (Chrono Boost)  
  120  11:40  Probe x2  
  120  11:41  Probe  
  120  11:43  Photon Cannon  
  123  11:47  Probe  
  123  11:52  Probe  
  123  11:53  Stalker x3  
  131  11:55  Probe  
  131  11:58  Zealot  
  131  12:00  Zealot  
  136  12:07  Stalker x2  
  138  12:11  Zealot  
  140  12:16  Forge  
  140  12:18  Dark Shrine  
  140  12:21  Zealot x2, Photon Cannon  
  144  12:35  Observer  
  145  12:37  Zealot  
  145  12:39  Zealot  
  145  12:40  Zealot x4  
  145  12:42  Stalker  
  145  12:43  Stalker  
  161  12:49  Probe  
  161  12:51  Probe x2, Protoss Ground Armor Level 1 (Chrono Boost)  
  162  12:54  Probe  
  165  13:01  Stalker  
  165  13:02  Stalker x2  
  165  13:03  Stalker x2  
  175  13:08  Zealot x2, Stalker  
  175  13:12  Gateway  
  181  13:13  Gateway  
  181  13:18  Probe  
  182  13:33  Pylon, Shadow Stride  
  182  13:34  Stalker x3  
  182  13:35  Pylon  
  182  13:38  Pylon  
  182  13:39  Protoss Shields Level 1 (Chrono Boost)  
  182  13:40  Nexus  
  182  13:41  Pylon  
  186  13:50  Observer  
  186  13:53  Probe, Pylon  
  186  13:54  Probe, Assimilator  
  189  13:56  Assimilator  
  189  14:08  Zealot x5  
  187  14:26  Photon Cannon  
  187  14:29  Photon Cannon  
  187  14:30  Probe, Shield Battery  
  187  14:31  Gateway  
  188  14:32  Gateway, Shield Battery  
  188  14:34  Gateway  
  188  14:35  Protoss Ground Armor Level 2 (Chrono Boost)  
  188  14:37  Robotics Bay  
  188  14:38  Robotics Facility  
  188  14:39  Assimilator  
  188  14:42  Zealot  
  188  14:43  Zealot x5  
  200  14:55  Photon Cannon  
  200  14:57  Photon Cannon, Shield Battery  
  200  14:58  Photon Cannon  
  200  14:59  Photon Cannon  
  200  15:02  Photon Cannon  
  200  15:03  Shield Battery  
  200  15:13  Zealot x5  
  198  15:20  Stalker x3  
  170  15:35  Gravitic Boosters (Chrono Boost), Stalker x5  
  174  15:55  Dark Templar x3  
  180  15:57  Stalker x3  
  180  15:58  Stalker  
  182  16:07  Stalker x3  
  186  16:13  Stalker x3  
  192  16:20  Disruptor x2  
  194  16:27  Stalker x3  
  187  16:43  Zealot x6  
  187  16:44  Zealot x2  
  181  16:59  Dark Templar  
  171  17:03  Zealot x7  
  175  17:27  Stalker  
Show
View Real Time Build Order
Export as new Build Order

Nice Protoss 

Build Orders: 1 Gate Expand 

Get SALT Encoding   

  12  0:00  Probe  
  13  0:12  Probe  
  14  0:19  Pylon  
  14  0:24  Probe  
  15  0:37  Probe (Chrono Boost)  
  15  0:39  Gateway  
  16  0:48  Probe (Chrono Boost), Assimilator  
  17  0:53  Probe (Chrono Boost)  
  18  1:03  Probe  
  19  1:16  Probe  
  20  1:27  Nexus  
  20  1:35  Cybernetics Core  
  20  1:39  Zealot (Chrono Boost)  
  22  1:48  Pylon  
  22  1:52  Probe  
  23  1:57  Assimilator  
  23  2:06  Probe  
  23  2:08  Warp Gate (Chrono Boost)  
  24  2:09  Stalker (Chrono Boost)  
  26  2:19  Probe  
  27  2:26  Gateway  
  27  2:33  Stalker  
  29  2:46  Shield Battery  
  29  2:49  Probe  
  29  2:50  Probe  
  31  2:54  Shield Battery  
  31  3:02  Gateway  
  31  3:09  Shield Battery  
  31  3:11  Stalker  
  33  3:18  Probe x2  
  35  3:30  Shield Battery  
  35  3:35  Shield Battery  
  35  3:41  Probe  
  35  3:43  Probe  
  37  3:51  Robotics Facility  
  37  3:53  Probe  
  38  3:56  Sentry  
  38  3:58  Stalker x2  
  44  4:03  Pylon  
  44  4:13  Shield Battery  
  44  4:15  Pylon  
  40  4:28  Stalker  
  40  4:30  Stalker  
  41  4:34  Probe (Chrono Boost)  
  42  4:41  Probe (Chrono Boost)  
  44  4:46  Probe (Chrono Boost)  
  44  4:50  Probe (Chrono Boost)  
  44  4:52  Probe (Chrono Boost)  
  43  4:55  Probe (Chrono Boost)  
  45  5:06  Probe (Chrono Boost)  
  45  5:07  Probe (Chrono Boost), Assimilator  
  48  5:08  Forge  
  48  5:14  Probe (Chrono Boost), Twilight Council  
  49  5:15  Probe (Chrono Boost)  
  49  5:25  Probe (Chrono Boost)  
  49  5:27  Probe (Chrono Boost)  
  51  5:30  Stalker  
  51  5:32  Stalker  
  51  5:33  Probe  
  54  5:41  Probe  
  54  5:45  Probe  
  54  5:48  Blink (Chrono Boost)  
  54  5:53  Probe, Assimilator  
  55  5:57  Pylon  
  55  6:00  Pylon  
  55  6:05  Observer  
  55  6:06  Probe x2  
  58  6:14  Protoss Ground Weapons Level 1  
  58  6:19  Probe (Chrono Boost)  
  58  6:23  Probe (Chrono Boost)  
  60  6:27  Stalker x2  
  60  6:30  Probe (Chrono Boost)  
  66  6:33  Probe (Chrono Boost)  
  66  6:34  Probe (Chrono Boost)  
  66  6:35  Stalker  
  69  6:43  Probe  
  70  6:50  Dark Shrine  
  70  7:00  Stalker x3  
  76  7:09  Pylon  
  76  7:21  Cybernetics Core  
  72  7:32  Stalker x3  
  72  7:34  Probe x2  
  76  7:39  Immortal  
  80  8:04  Dark Templar x3  
  84  8:07  Nexus  
  84  8:12  Charge  
  84  8:14  Protoss Ground Weapons Level 2 (Chrono Boost)  
  84  8:17  Probe (Chrono Boost), Pylon  
  86  8:21  Probe (Chrono Boost)  
  86  8:34  Probe (Chrono Boost), Pylon  
  86  8:35  Pylon  
  86  8:36  Probe (Chrono Boost), Pylon, Shadow Stride  
  86  8:38  Shield Battery  
  88  8:44  Probe  
  88  8:47  Probe, Gateway  
  90  8:54  Gateway  
  90  8:56  Probe  
  90  8:59  Stalker x2  
  90  9:00  Probe  
  94  9:08  Probe  
  95  9:13  Probe  
  94  9:19  Observer  
  94  9:20  Probe  
  94  9:21  Probe  
  96  9:25  Probe, Gateway, Photon Cannon  
  96  9:26  Gateway  
  96  9:28  Gateway  
  96  9:30  Stalker  
  99  9:31  Sentry  
  99  9:32  Sentry  
  103  9:41  Observer, Shield Battery  
  104  9:46  Pylon  
  104  9:54  Dark Templar  
  104  9:57  Nexus  
  106  10:00  Sentry x2  
  106  10:01  Stalker  
  106  10:05  Probe x2  
  106  10:06  Probe  
  115  10:09  Shield Battery  
  115  10:12  Photon Cannon  
  115  10:17  Probe  
  115  10:18  Probe x2  
  116  10:30  Probe  
  116  10:31  Stalker  
  116  10:32  Stalker x4  
  118  10:43  Stalker x2  
  118  10:44  Stalker  
  118  10:46  Shield Battery  
  122  10:56  Stalker x2  
  122  10:57  Stalker x3  
  106  11:07  Zealot  
  100  11:14  Observer  
  100  11:17  Stalker x2  
  99  11:19  Stalker x3  
  99  11:20  Stalker x2  
  109  11:32  Nexus, Probe  
  110  11:33  Probe x2  
  110  11:34  Protoss Ground Weapons Level 3 (Chrono Boost)  
  110  11:37  Observer (Chrono Boost)  
  110  11:39  Pylon  
  113  11:44  Probe  
  113  11:45  Probe  
  113  11:46  Assimilator  
  115  11:47  Probe  
  116  11:57  Probe  
  116  11:59  Stalker x3  
  116  12:00  Probe  
  124  12:06  Shield Battery  
  124  12:08  Shield Battery  
  122  12:10  Zealot  
  122  12:12  Probe x3  
  127  12:16  Photon Cannon  
  127  12:19  Observer  
  127  12:21  Stalker  
  127  12:22  Stalker  
  132  12:27  Stalker  
  132  12:28  Stalker  
  134  12:31  Stalker  
  134  12:36  Stalker  
  137  12:40  Stalker  
  139  12:44  Observer  
  139  12:47  Stalker x3  
  145  12:54  Stalker  
  145  12:55  Stalker x2  
  151  13:03  Photon Cannon  
  151  13:04  Stalker  
  151  13:05  Pylon  
  151  13:08  Stalker  
  151  13:10  Photon Cannon  
  153  13:14  Stalker  
  153  13:16  Probe  
  156  13:23  Probe x3, Observer (Chrono Boost)  
  156  13:25  Pylon x2  
  160  13:30  Zealot  
  160  13:33  Stalker  
  164  13:36  Pylon  
  164  13:38  Protoss Shields Level 1 (Chrono Boost), Pylon  
  164  13:42  Photon Cannon  
  164  13:43  Pylon  
  163  13:48  Stalker x2, Assimilator  
  167  13:55  Stalker x2  
  167  13:58  Observer (Chrono Boost)  
  169  14:03  Zealot  
  169  14:07  Observer  
  169  14:08  Stalker x2  
  169  14:09  Stalker  
  177  14:14  Stalker x2  
  177  14:21  Stalker x2  
  179  14:25  Stalker  
  179  14:27  Pylon  
  185  14:33  Stalker  
  185  14:34  Stalker x2  
  185  14:37  Observer  
  191  14:39  Forge  
  191  14:40  Observer  
  191  14:44  Observer (Chrono Boost)  
  188  14:52  Stalker x5  
  198  15:04  Pylon  
  196  15:07  Stalker x2  
  148  15:23  Stalker x2  
  148  15:24  Stalker x3  
  148  15:26  Stalker  
  156  15:29  Protoss Ground Armor Level 1 (Chrono Boost)  
  156  15:43  Stalker x2  
  156  15:48  Gateway  
  156  15:49  Stalker x4  
  168  15:53  Gateway  
  168  15:54  Pylon  
  168  15:55  Observer  
  168  16:00  Nexus  
  165  16:08  Probe x3  
  165  16:09  Probe  
  167  16:13  Stalker x2  
  167  16:14  Stalker, Photon Cannon  
  170  16:26  Nexus  
  170  16:29  Observer  
  163  16:35  Zealot x4, Stalker  
  134  16:53  Stalker x2  
  134  16:54  Stalker  
  112  17:04  Stalker  
  112  17:05  Stalker x4  
  110  17:16  Dark Templar  
  110  17:17  Dark Templar  
  101  17:26  Stalker  
  101  17:27  Stalker x2  
  89  17:33  Stalker x3  
Tags
 
Add a new tag
Caveats
  • Supply blocks, unpowered buildings, or Contaminate may cause inaccurate times.
  • Supply counts are checked every 10 seconds.